[Event "*** Titled Tuesday Blitz"]
[Site "Chess.com"]
[Date "2020.04.21"]
[Round "3"]
[White "HashtagChess"]
[Black "Gandrade2"]
[Result "0-1"]
[WhiteElo "1639"]
[BlackElo "1974"]
[TimeControl "180+1"]
[EndTime "10:27:54 PDT"]
[Termination "Gandrade2 won on time"]

1. e4 c5 2. Nf3 g6 3. d4 cxd4 4. Qxd4 Nf6 5. e5 Nc6 6. Qa4 Nd5 7. Qe4 Nb6 8. Bf4 Bg7 9. Bb5 O-O 10. O-O d5 11. exd6 Bf5 12. Qe2 exd6 13. c3 Re8 14. Qd2 d5 15. Na3 a6 16. Bxc6 bxc6 17. Nd4 Bd7 18.
Rfe1 Qf6 19. Bg5 Qd6 20. Rxe8+ Rxe8 21. Re1 c5 22. Rxe8+ Bxe8 23. Qe1 Bd7 24. Nf3 h6 25. Be7 Qc6 26. Nc2 Be6 27. b4 c4 28. Ncd4 Qd7 29.
Bc5 Na4 30. Nxe6 Qxe6 31. Qxe6 fxe6 32. Bd4 Bf8 33. Ne5 g5 34. Nd7 Be7 0-1

[Event "*** Titled Tuesday Blitz"]
[Site "Chess.com"]
[Date "2020.04.21"]
[Round "3"]
[White "politeplayer"]
[Black "Nayemhaque22"]
[Result "0-1"]
[WhiteElo "2166"]
[BlackElo "2397"]
[TimeControl "180+1"]
[EndTime "10:27:55 PDT"]
[Termination "Nayemhaque22 won by checkmate"]

1. e4 c5 2. Nf3 d6 3. d4 cxd4 4. Nxd4 Nf6 5. f3 a6 6. c4 Nc6 7. Nc3 Qb6 8. Nc2 g6 9. Rb1 Bg7 10. Be3 Qc7 11. Be2 O-O 12. O-O Be6 13. Nd5 Bxd5 14. cxd5 Ne5 15. Nd4 Rac8 16. Qd2 Nc4 17. Bxc4 Qxc4 18. Rfc1 Qa4 19. b3 Qa3 20. h3 Nd7 21.
Nc2 Qxa2 22. Nb4 Qxd2 23. Bxd2 Bd4+ 24. Kf1 Nc5 25. Ke2 Be5 26. Nd3 Nxd3 27. Rxc8 Rxc8 28. Kxd3 f5 29. b4 fxe4+ 30. fxe4 b6 31. b5 a5 32.
Be3 Rc3+ 33. Kd2 Ra3 34. Bxb6 Ra2+ 35. Kd3 Rxg2 36. Ba7 Rg3+ 37. Kc4 Rc3# 0-1

[Event "*** Titled Tuesday Blitz"]
[Site "Chess.com"]
[Date "2020.04.21"]
[Round "3"]
[White "Maitreia"]
[Black "MilanovicDan"]
[Result "0-1"]
[WhiteElo "2686"]
[BlackElo "2449"]
[TimeControl "180+1"]
[EndTime "10:27:56 PDT"]
[Termination "MilanovicDan won by checkmate"]

1. c4 c5 2. g3 g6 3. Bg2 Bg7 4.
Nc3 Nc6 5. Nf3 d6 6. O-O Nf6 7. a3 O-O 8. Rb1 Bf5 9. d3 Qd7 10.
b4 Rab8 11. e3 Bh3 12. Qb3 b6 13. Bb2 Bxg2 14. Kxg2 e6 15. Rbd1 Qb7 16. Ne4 Ne8 17.
Bxg7 Kxg7 18. Qc3+ f6 19. bxc5 dxc5 20. Kg1 Rc8 21.
Rfe1 Qc7 22. d4 cxd4 23. exd4 Nd8 24. c5 Qc6 25. Qe3 Nf7 26. h4 Nc7 27. h5 Nd5 28.
Qd2 Rfd8 29. Qe2 g5 30. Qb2 h6 31. Qb1 f5 32. Nd6 Nxd6 33. Rxe6 Nc3 34. Qa1 Qxf3 35.
Rde1 Nde4 36. Qb2 Rxd4 37. Rg6+ Kh7 38. cxb6 Rd2 39. Qxd2 Nxd2 40. Re7+ Kh8 41. Rxh6+ Kg8 42. Rg6+ Kf8 43. Rxa7 Qd1+ 44. Kh2 Nf1+ 45. Kg2 Qd5+ 46. Kxf1 Qh1# 0-1

[Event "*** Titled Tuesday Blitz"]
[Site "Chess.com"]
[Date "2020.04.21"]
[Round "3"]
[White "tomsishere"]
[Black "MarcoRiehle"]
[Result "0-1"]
[WhiteElo "2374"]
[BlackElo "2599"]
[TimeControl "180+1"]
[EndTime "10:27:56 PDT"]
[Termination "MarcoRiehle won by checkmate"]

1. d4 d5 2. c4 e6 3. Nc3 c5 4.
cxd5 cxd4 5. Qa4+ Bd7 6. Qxd4 exd5 7. Qxd5 Nf6 8. Qd1 Nc6 9. Nf3 Bc5 10. e3 Qe7 11. Be2 O-O-O 12. O-O g5 13. b4 g4 14. Nd4 Bxb4 15. Bb2 Kb8 16. Ncb5 Rhg8 17. Nxc6+ Bxc6 18. Nd4 Bd5 19. Qa4 Qe4 20. f3 Qxe3+ 21. Kh1 Bd6 22. Nf5 Qxe2 23. Bd4 a6 24. Rae1 gxf3 25. Rxe2 fxe2 26.
Re1 Rxg2 27. Ne3 Rxh2+ 28. Kg1 Rg8+ 29. Ng4 Rxg4# 0-1

[Event "*** Titled Tuesday Blitz"]
[Site "Chess.com"]
[Date "2020.04.21"]
[Round "3"]
[White "joppie2"]
[Black "Philosopherrr"]
[Result "1-0"]
[WhiteElo "2923"]
[BlackElo "2474"]
[TimeControl "180+1"]
[EndTime "10:27:57 PDT"]
[Termination "joppie2 won by resignation"]

1. e4 e5 2. Nf3 Nc6 3. Bb5 a6 4. Ba4 Nf6 5. O-O Be7 6. Re1 b5 7. Bb3 d6 8. c3 O-O 9. h3 Bb7 10. d4 Re8 11. Nbd2 exd4 12. cxd4 Nd7 13. Nf1 Na5 14.
Bc2 Bf6 15. Ng3 g6 16. Bh6 c5 17. e5 dxe5 18. dxc5 e4 19. Bxe4 Nxc5 20. Bxb7 Naxb7 21. Qc2 Qd3 22. Rec1 Rac8 23. h4 Qxc2 24. Rxc2 Na4 25. Ne4 Bxb2 26. Re1 f5 27. Rxc8 Rxc8 28. Neg5 Bf6 29.
Re6 Bxg5 30. Nxg5 Nac5 31. Re7 Nd6 32. Rg7+ Kh8 33. Rxh7+ Kg8 34. Rg7+ Kh8 35. Rxg6 Nce4 36. f3 Nxg5 37. Bxg5 Nc4 38. Rxa6 1-0

[Event "*** Titled Tuesday Blitz"]
[Site "Chess.com"]
[Date "2020.04.21"]
[Round "3"]
[White "adriangschnitzer"]
[Black "Ellaijio_B"]
[Result "0-1"]
[WhiteElo "2424"]
[BlackElo "2670"]
[TimeControl "180+1"]
[EndTime "10:27:57 PDT"]
[Termination "Ellaijio_B won on time"]

1. e4 c5 2. Nf3 e6 3. d4 cxd4 4. Nxd4 a6 5. Nc3 b5 6. Bd3 Qb6 7. Nb3 Qc7 8. O-O Bb7 9. Re1 d6 10. a4 b4 11. Nd5 exd5 12. exd5+ Be7 13. Qg4 Kf8 14. Nd4 Nf6 15. Qg3 Bc8 16. Bf5 h5 17. Bf4 h4 18. Qh3 Nxd5 19. Bxc8 Nxf4 20. Qf5 Nc6 21. Qxf4 Nxd4 22. Qxd4 Rxc8 23. Re4 h3 24. Rae1 Bf6 25. Qxb4 Qc6 26. gxh3 Rh5 27. Qd2 Kg8 0-1

[Event "*** Titled Tuesday Blitz"]
[Site "Chess.com"]
[Date "2020.04.21"]
[Round "3"]
[White "TV27"]
[Black "gammagramma"]
[Result "1/2-1/2"]
[WhiteElo "2135"]
[BlackElo "2489"]
[TimeControl "180+1"]
[EndTime "10:27:57 PDT"]
[Termination "Game drawn by repetition"]

1. c4 Nf6 2. Nc3 e6 3. e4 d5 4. e5 Nfd7 5. cxd5 Nxe5 6. d4 Ng6 7.
Bb5+ c6 8. dxc6 Nxc6 9. Nf3 Be7 10. O-O O-O 11. Be3 Bf6 12. Ne4 Be7 13. Rc1 Bd7 14.
Nc5 Rb8 15. Nxd7 Qxd7 16. Qa4 a6 17. Bxc6 bxc6 18. b3 Rfc8 19. Qxa6 Ra8 20. Qe2 Qd5 21. Rc2 Qb5 22. Qxb5 cxb5 23. Rfc1 Rxc2 24. Rxc2 b4 25. Kf1 Bf8 26. Ke2 Ne7 27. Bd2 Nd5 28. Ne5 Bd6 29. Nd3 h6 30. h4 h5 31. g3 Kh7 32.
Nf4 Bxf4 33. Bxf4 Nxf4+ 34. gxf4 Kg6 35. Ke3 f6 36. f3 Ra6 37. Kd3 Kf5 38. Ke3 Ra7 39.
Rc5+ Kg6 40. Rc2 Ra6 41. Rg2+ Kf5 42. Rc2 Kg6 1/2-1/2

[Event "*** Titled Tuesday Blitz"]
[Site "Chess.com"]
[Date "2020.04.21"]
[Round "3"]
[White "rpragchess"]
[Black "SloLev"]
[Result "1-0"]
[WhiteElo "2755"]
[BlackElo "2525"]
[TimeControl "180+1"]
[EndTime "10:27:58 PDT"]
[Termination "rpragchess won by resignation"]

1. Nf3 d5 2. g3 Bf5 3. Bg2 e6 4. O-O Nc6 5. d3 Nf6 6. Nbd2 Be7 7. c3 O-O 8. Nh4 Bg6 9. Nxg6 hxg6 10. Qc2 Qd7 11. e4 dxe4 12. Nxe4 Rad8 13. Nxf6+ Bxf6 14. d4 b6 15. Bf4 Ne7 16. Rad1 Nd5 17. Bc1 b5 18. Rfe1 Qd6 19. a4 a6 20. h4 Nb6 21. axb5 axb5 22. Bf4 Qd7 23. Qb3 Nd5 24.
Be5 Bxe5 25. Rxe5 c6 26. Rde1 Qa7 27. Qd1 c5 28. Bxd5 Rxd5 29. Rxd5 exd5 30. Re5 Rd8 31. h5 gxh5 32. Rxh5 cxd4 33. cxd4 g6 34. Rh4 Re8 35.
Qc1 Re4 36. Qc8+ 1-0

[Event "*** Titled Tuesday Blitz"]
[Site "Chess.com"]
[Date "2020.04.21"]
[Round "3"]
[White "Olga_Zhuravleva"]
[Black "mortngabriel"]
[Result "0-1"]
[WhiteElo "2213"]
[BlackElo "2448"]
[TimeControl "180+1"]
[EndTime "10:27:59 PDT"]
[Termination "mortngabriel won by resignation"]

1. e4 c5 2. Nf3 d6 3. d4 cxd4 4.
Nxd4 Nf6 5. Nc3 g6 6. Be2 Bg7 7. O-O O-O 8. Nb3 a5 9. a4 Be6 10. Re1 Nc6 11. Bf1 Qc8 12. Bg5 Rd8 13.
Nd5 Bxd5 14. exd5 Nb4 15. c4 Re8 16. Nd4 Na6 17. b3 Nc5 18. Rb1 Nfe4 19. Bh4 Nc3 20. Qd2 Nxb1 21. Rxb1 Qg4 22. Nf3 Qf5 23. Qd1 e6 24.
dxe6 Rxe6 25. Rc1 Rae8 26. h3 b6 27. Bg3 Ne4 28. Bh2 Qc5 29. Qc2 h6 30. Bd3 Ng5 31. Nxg5 Re1+ 32. Bf1 hxg5 33. Rxe1 Rxe1 34. Qd2 Re6 35.
Bg3 Qd4 36. Qxg5 Re1 37. Qd8+ Bf8 38. Bh4 Rxf1+ 0-1

[Event "*** Titled Tuesday Blitz"]
[Site "Chess.com"]
[Date "2020.04.21"]
[Round "3"]
[White "NastaJ"]
[Black "DishonorOnYourCow"]
[Result "0-1"]
[WhiteElo "1815"]
[BlackElo "2301"]
[TimeControl "180+1"]
[EndTime "10:27:59 PDT"]
[Termination "DishonorOnYourCow won by resignation"]

1. e4 c5 2. c3 Nf6 3. e5 Nd5 4.
d4 cxd4 5. cxd4 d6 6. Nf3 Nc6 7.
Bc4 e6 8. O-O Nb6 9. Bb5 dxe5 10.
Nxe5 Bd7 11. Nxd7 Qxd7 12. Nc3 Be7 13. Qg4 Bf6 14. Bxc6 Qxc6 15. Be3 O-O 16. Rfd1 Rad8 17. Rac1 Qd7 18. Ne4 Nd5 19. Nxf6+ Nxf6 20. Qf3 Rc8 21.
Rxc8 Rxc8 22. Bg5 Nd5 23. Qb3 h6 24. Bh4 Qc6 25. Bg3 Qc2 26. Bd6 Qxb3 27. axb3 Rc2 28. Ba3 b5 29. Bc5 Rxb2 30. Bxa7 Rxb3 31. Kf1 Rb2 32. Rc1 b4 33. Bc5 b3 34. Ba3 Ra2 35. Bd6 b2 0-1

[Event "*** Titled Tuesday Blitz"]
[Site "Chess.com"]
[Date "2020.04.21"]
[Round "3"]
[White "pheonixking2000"]
[Black "Volodar_Murzin"]
[Result "1-0"]
[WhiteElo "2814"]
[BlackElo "2624"]
[TimeControl "180+1"]
[EndTime "10:28:00 PDT"]
[Termination "pheonixking2000 won by resignation"]

1. Nf3 Nf6 2. b3 g6 3. Bb2 Bg7 4. g3 O-O 5. Bg2 d6 6. d4 Nbd7 7. O-O e5 8. dxe5 Ng4 9. c4 Re8 10.
h3 Ngxe5 11. Nc3 Nxf3+ 12. exf3 a5 13. Qd2 Nc5 14. Rad1 Bf5 15. Nd5 Be6 16. Bxg7 Kxg7 17.
Qc3+ f6 18. Ne3 Bf7 19. f4 h5 20. h4 Qd7 21. f5 gxf5 22. Qd4 Re4 23. Qxc5 Re5 24. Qd4 Rae8 25. Qf4 Bg6 26. Rd5 Re4 27. Bxe4 Rxe4 28. Nxf5+ Bxf5 29. Qxf5 Qe7 30. Qxh5 c6 31.
Rd3 Re2 32. Qg4+ Kh8 33. Qf4 Re5 34. Re3 Qe6 35. Rfe1 Qh3 36. Qh6+ 1-0

[Event "*** Titled Tuesday Blitz"]
[Site "Chess.com"]
[Date "2020.04.21"]
[Round "3"]
[White "swimmerchess"]
[Black "Taron_Shagbazyan"]
[Result "1-0"]
[WhiteElo "2831"]
[BlackElo "2628"]
[TimeControl "180+1"]
[EndTime "10:28:03 PDT"]
[Termination "swimmerchess won by checkmate"]

1. e4 e5 2. Nf3 Nc6 3. Bb5 a6 4. Ba4 Nf6 5. O-O b5 6. Bb3 Bb7 7. d3 Be7 8. a3 O-O 9. Nc3 Nd4 10. Ba2 d5 11. exd5 Nxd5 12. Nxe5 Bf6 13. Ng4 Nxc3 14. bxc3 Nf5 15. Bd2 Nh4 16. f3 Bg5 17. Qc1 Bxd2 18. Qxd2 h5 19. Nf2 Bxf3 20. g3 Ng6 21. Rae1 h4 22. Ne4 Bg4 23. Ng5 hxg3 24. Nxf7 Qh4 25.
hxg3 Qxg3+ 26. Qg2 Qxg2+ 27. Kxg2 Bh5 28. Ng5+ Kh8 29. Rh1 Nf4+ 30. Kg3 Rf5 31. Re5 Rxe5 32. Kxf4 Rxg5 33. Kxg5 g6 34. Rf1 Re8 35. Rf7 Re5+ 36. Kh6 Rf5 37. Rh7# 1-0

[Event "*** Titled Tuesday Blitz"]
[Site "Chess.com"]
[Date "2020.04.21"]
[Round "3"]
[White "KinKaiser"]
[Black "Shota_Azaladze"]
[Result "0-1"]
[WhiteElo "2437"]
[BlackElo "2746"]
[TimeControl "180+1"]
[EndTime "10:28:03 PDT"]
[Termination "Shota_Azaladze won on time"]

1. d4 Nf6 2. Nf3 g6 3. Bf4 Bg7 4. e3 O-O 5. h3 d6 6. Be2 Nc6 7.
Bh2 Nd7 8. c4 e5 9. Nc3 exd4 10.
exd4 Re8 11. O-O Nf6 12. Re1 Bf5 13. c5 Ne4 14. cxd6 cxd6 15. Bc4 Nxc3 16. Rxe8+ Qxe8 17. bxc3 Qd7 18. g4 Na5 19. Bb3 Nxb3 20. axb3 Be4 21. Ng5 Bc6 22. d5 Bb5 23. Qf3 Re8 24. Rd1 Be2 0-1

[Event "*** Titled Tuesday Blitz"]
[Site "Chess.com"]
[Date "2020.04.21"]
[Round "3"]
[White "Steven_Rojas"]
[Black "dukicz123"]
[Result "1-0"]
[WhiteElo "2418"]
[BlackElo "2591"]
[TimeControl "180+1"]
[EndTime "10:28:04 PDT"]
[Termination "Steven_Rojas won by resignation"]

1. c4 g6 2. Nc3 Bg7 3. g3 d6 4. Bg2 Nc6 5. Nf3 Nf6 6. d4 O-O 7. O-O a6 8. Qd3 e5 9. Be3 exd4 10. Bxd4 Nxd4 11. Qxd4 Re8 12. Qd2 Bf5 13. Nd4 Ne4 14. Nxe4 Bxe4 15. f3 c5 16. Nb3 Bc6 17. e4 b5 18. Na5 Bd4+ 19. Kh1 Bd7 20. Nb3 Bg7 21. Qxd6 bxc4 22. Nxc5 Bb5 23. Rad1 Bxb2 24. a4 Qxd6 25.
Rxd6 Ba3 26. axb5 Bxc5 27. Rc6 Rec8 28. Rxc8+ Rxc8 29. bxa6 Ra8 30. Rc1 Rxa6 31. Bf1 Ra3 32. Kg2 c3 33. Rc2 Bd4 34. Bc4 Kf8 35. f4 f6 36. Kf3 Ke7 37. Ke2 Kd6 38. Kd3 Kc5 39.
h4 Ra4 40. Bg8 h6 41. h5 g5 42. fxg5 fxg5 43. Rc1 Ra2 44. Bxa2 1-0

[Event "*** Titled Tuesday Blitz"]
[Site "Chess.com"]
[Date "2020.04.21"]
[Round "3"]
[White "Vincent_Vega95"]
[Black "talaicito"]
[Result "1-0"]
[WhiteElo "2704"]
[BlackElo "2278"]
[TimeControl "180+1"]
[EndTime "10:28:04 PDT"]
[Termination "Vincent_Vega95 won on time"]

1. Nf3 e6 2. c4 f5 3. g3 Nf6 4.
Bg2 Be7 5. O-O O-O 6. Nc3 d6 7. d3 e5 8. e4 Kh8 9. Re1 Nc6 10. Nd5 Be6 11. Ng5 Bd7 12. f4 Nd4 13. Nf3 Nxd5 14. cxd5 Nxf3+ 15. Qxf3 Qe8 16. Be3 c5 17. Qe2 Qg6 18.
Bh3 Rad8 19. Qg2 h6 20. Rf1 fxe4 21. Bxd7 Rxd7 22. dxe4 exf4 23. gxf4 Qxg2+ 24. Kxg2 Re8 25. Kf3 Bf6 26. Bc1 Rde7 27. Re1 Bd4 28. Rb1 b5 29. b3 a5 30. Bd2 b4 31. Re2 a4 32. Bc1 Ra8 33.
Bb2 Bxb2 34. Rbxb2 axb3 35. axb3 Ra1 36. e5 Rf1+ 37.
Ke4 dxe5 38. fxe5 Ref7 39. d6 Rd1 40. Rbd2 Rb1 41. Re3 Rbf1 42. Kd5 1-0

[Event "*** Titled Tuesday Blitz"]
[Site "Chess.com"]
[Date "2020.04.21"]
[Round "3"]
[White "evgenyermolaev"]
[Black "vugarrasulov"]
[Result "0-1"]
[WhiteElo "2471"]
[BlackElo "2725"]
[TimeControl "180+1"]
[EndTime "10:28:05 PDT"]
[Termination "vugarrasulov won by resignation"]

1. e4 c5 2. Nf3 d6 3. d4 cxd4 4. Nxd4 Nf6 5. Nc3 a6 6. Be3 e5 7. Nb3 Be7 8. Qd2 O-O 9. O-O-O Be6 10. f4 Qc7 11. f5 Bc4 12. g4 d5 13. Nxd5 Bxd5 14.
exd5 Rd8 15. Bg2 Nxg4 16. Rhg1 h6 17. Kb1 Nxe3 18. Qxe3 Bg5 19. Qf2 Rd6 20. Nc5 Nd7 21. Ne4 Rb6 22. d6 Qd8 23. Bf3 Rc8 24. h4 Bf6 25. Qg2 Kf8 26. Nxf6 Qxf6 27. Be4 Nc5 28. Rd5 Na4 29. Ka1 Rd8 30. b3 Nc3 31. Rd3 Nxe4 32.
Qxe4 Rdxd6 33. Rgd1 Rxd3 34. Rxd3 Kg8 35. Rd7 h5 36. Rxb7 Rxb7 37. Qxb7 e4+ 38. Kb1 Qxf5 39. Qxa6 e3 40. Kc1 Qf2 41. Qc8+ Kh7 42. Qd7 e2 0-1

[Event "*** Titled Tuesday Blitz"]
[Site "Chess.com"]
[Date "2020.04.21"]
[Round "3"]
[White "Parhamov"]
[Black "Hanging_pointer"]
[Result "1-0"]
[WhiteElo "3046"]
[BlackElo "2602"]
[TimeControl "180+1"]
[EndTime "10:28:05 PDT"]
[Termination "Parhamov won by resignation"]

1. e4 c6 2. d4 d5 3. e5 Bf5 4. h4 h5 5. c4 e6 6. Nc3 Ne7 7. Bg5 dxc4 8. Bxc4 Nd7 9. Nge2 Nb6 10. Bb3 Qd7 11.
O-O Ned5 12. Ng3 Bg6 13. Nce4 a5 14. a3 a4 15. Bc2 Nc4 16. Rb1 b5 17. Qf3 Be7 18. Rbc1 Bxg5 19. Nxg5 Bxc2 20. Rxc2 g6 21. N3e4 Qe7 22. Rxc4 bxc4 23. Nd6+ Kd7 24. Nxc4 Rab8 25.
Rc1 Rb7 26. Qd1 Ra8 27. Qc2 c5 28. Nd6 Rc7 29. dxc5 Rc6 30. Qc4 Ra5 31. Qd4 Kc7 32. g3 Kb8 33. Rc4 Qa7 34. Nge4 Ka8 35. Qd2 Rc7 36.
c6 Nb6 37. Rc1 Rxe5 38. Qf4 Rd5 39. Ne8 Re7 40. N4d6 Qa5 41. c7 Rxe8 42. Nxe8 Nc8 43.
Qxf7 Qd2 44. Rf1 Qe2 45. Qxg6 Kb7 46. Qg7 Rd1 47. Rxd1 Qxd1+ 48. Kh2 Qd5 49. Qc3 Qb5 50. Ng7 1-0

[Event "*** Titled Tuesday Blitz"]
[Site "Chess.com"]
[Date "2020.04.21"]
[Round "3"]
[White "algatar2020"]
[Black "kakakz"]
[Result "0-1"]
[WhiteElo "1927"]
[BlackElo "2379"]
[TimeControl "180+1"]
[EndTime "10:28:05 PDT"]
[Termination "kakakz won by checkmate"]

1. d4 Nf6 2. Nf3 g6 3. Bf4 Bg7 4. e3 O-O 5. h3 d6 6. c4 Nbd7 7. Be2 Qe8 8. Nc3 e5 9. Bh2 Qe7 10. O-O b6 11. a4 a5 12. Nb5 Ne8 13. Re1 Bb7 14. Rc1 f5 15. Qb3 Kh8 16. Bf1 g5 17. Nd2 g4 18. hxg4 fxg4 19. Bg3 h5 20. Qc2 h4 21.
Bh2 e4 22. Bf4 Rc8 23. Nb3 c6 24. Nc3 Nef6 25. c5 Nh5 26. Bxd6 Qg5 27. Bxf8 Rxf8 28. Qxe4 Ndf6 29. Qe5 Qg6 30. Rcd1 g3 31. fxg3 hxg3 32. Bd3 Qh6 33. Ne2 Ng4 34. Qe7 Nhf6 35. Kf1 Qh1+ 36. Ng1 Nh2+ 37. Ke2 Qxg2# 0-1

[Event "*** Titled Tuesday Blitz"]
[Site "Chess.com"]
[Date "2020.04.21"]
[Round "3"]
[White "GMNeiksans"]
[Black "Kavyev_Ruslan"]
[Result "1-0"]
[WhiteElo "2879"]
[BlackElo "2580"]
[TimeControl "180+1"]
[EndTime "10:28:06 PDT"]
[Termination "GMNeiksans won by resignation"]

1. e4 c5 2. Nf3 d6 3. Bb5+ Nd7 4. O-O a6 5. Bd3 Ngf6 6. Re1 b5 7. c4 b4 8. a3 Bb7 9. axb4 cxb4 10. Bc2 e5 11. d4 Be7 12. d5 O-O 13. Nbd2 Nc5 14. Nb3 Nfd7 15. Nxc5 Nxc5 16. Be3 Qc7 17. Nd2 a5 18. Nb3 Nd7 19. Bd3 a4 20. Nd2 b3 21. Nb1 Ba6 22.
Rxa4 Nc5 23. Bxc5 Qxc5 24. Qxb3 Rfb8 25. Qc2 Rb4 26. Nc3 Rab8 27. Nd1 Qd4 28. Rxa6 Rxb2 29.
Qc3 R2b3 30. Qxd4 exd4 31. Bf1 d3 32. Ne3 Bg5 33. Raa1 Rc3 34. Red1 h5 35. Rxd3 Rxd3 36.
Bxd3 Bf6 37. Rb1 Bd4 38. Rxb8+ 1-0

[Event "*** Titled Tuesday Blitz"]
[Site "Chess.com"]
[Date "2020.04.21"]
[Round "3"]
[White "FeketeBarika"]
[Black "Harut-1998"]
[Result "0-1"]
[WhiteElo "2275"]
[BlackElo "2623"]
[TimeControl "180+1"]
[EndTime "10:28:06 PDT"]
[Termination "Harut-1998 won by resignation"]

1. Nf3 d5 2. g3 Nf6 3. Bg2 c6 4. c4 dxc4 5. O-O Nbd7 6. a4 a5 7. Na3 Nb6 8. Qc2 Qd5 9. h4 Bf5 10. Qc3 e6 11. Ne5 Be4 12. f3 Bc5+ 13. Kh2 Bd4 14.
fxe4 Qxe5 15. Qc2 Ng4+ 16. Kh3 Nf2+ 17. Kh2 Ng4+ 18. Kh3 Nf2+ 19. Kh2 g5 20. e3 gxh4 21. exd4 hxg3+ 22. Kg1 Qxd4 23. d3 Nxe4+ 24. Kh1 Nf2+ 25. Kg1 Nxd3+ 26. Kh1 Qh4+ 27. Bh3 Qxh3+ 28. Kg1 Nf2 0-1

[Event "*** Titled Tuesday Blitz"]
[Site "Chess.com"]
[Date "2020.04.21"]
[Round "3"]
[White "LizaSolovyova"]
[Black "Dynamikus"]
[Result "0-1"]
[WhiteElo "2490"]
[BlackElo "2725"]
[TimeControl "180+1"]
[EndTime "10:28:07 PDT"]
[Termination "Dynamikus won by resignation"]

1. d4 Nf6 2. Nc3 d5 3. Bg5 Nbd7 4. e4 dxe4 5. f3 h6 6. Bxf6 Nxf6 7. fxe4 e5 8. dxe5 Ng4 9. Qxd8+ Kxd8 10. h3 Nxe5 11.
O-O-O+ Bd7 12. Nf3 Nxf3 13. gxf3 Bd6 14. Bc4 Rf8 15.
Bd5 Rb8 16. h4 Ke7 17. Rhg1 g6 18. h5 Bf4+ 19. Kb1 g5 20. Ne2 Be5 21. Nd4 c6 22.
Bb3 Bxd4 23. Rxd4 Rbd8 24. Rgd1 f6 25. c3 c5 26. Rd5 Bc6 27. Rxc5 Rxd1+ 28. Bxd1 Kd6 29.
Rf5 g4 30. Be2 g3 31. Bf1 Ke7 32. Bg2 Rd8 33. Kc2 a6 34. b3 b6 35. c4 a5 36. a4 Rd6 37. e5 fxe5 38. Rxe5+ Re6 39. Rxe6+ Kxe6 40. Kd3 Kf5 41. Ke3 Bb7 42. Bh3+ Kg5 43. Bg4 Bc6 44. Ke2 Kf4 45. Kf1 Bxf3 46. Bxf3 Kxf3 47.
Kg1 g2 0-1

[Event "*** Titled Tuesday Blitz"]
[Site "Chess.com"]
[Date "2020.04.21"]
[Round "3"]
[White "WelshTiger"]
[Black "Jadro9"]
[Result "0-1"]
[WhiteElo "2375"]
[BlackElo "2715"]
[TimeControl "180+1"]
[EndTime "10:28:07 PDT"]
[Termination "Jadro9 won by checkmate"]

1. e4 e5 2. Nf3 Nc6 3. Nc3 Nf6 4. d4 exd4 5. Nxd4 Bb4 6. Nxc6 bxc6 7. Bd3 d5 8. exd5 O-O 9. O-O cxd5 10. h3 c6 11. Qf3 Rb8 12. Bf4 Bd6 13. b3 Qc7 14. Bxd6 Qxd6 15.
Rfe1 Be6 16. Ne2 a5 17. Nd4 a4 18. Rad1 Rfe8 19. c4 axb3 20. axb3 Bd7 21. cxd5 cxd5 22.
Rxe8+ Rxe8 23. Nf5 Bxf5 24. Qxf5 Qb4 25. g4 Qxb3 26.
Rb1 Qa3 27. g5 Ne4 28. Qxd5 Nc3 29. Bxh7+ Kxh7 30. Qxf7 Ne2+ 31. Kh2 Qd6+ 32. f4 Qxf4+ 33. Qxf4 Nxf4 34. Kg3 Ng6 35. h4 Re3+ 36. Kg4 Re4+ 37. Kg3 Rxh4 38. Rb6 Rd4 39. Rb5 Ne7 40. Kf3 Kg6 41.
Kg3 Nf5+ 42. Kf3 Kxg5 43. Rc5 g6 44. Kg2 Kg4 45. Rc3 g5 46. Kh2 Rd2+ 47. Kg1 Nh4 48. Kh1 Rd1+ 49. Kh2 Nf3+ 50. Kg2 Rd2+ 51. Kh1 Rh2# 0-1

[Event "*** Titled Tuesday Blitz"]
[Site "Chess.com"]
[Date "2020.04.21"]
[Round "3"]
[White "DanielRensch"]
[Black "floplover"]
[Result "1-0"]
[WhiteElo "2496"]
[BlackElo "2251"]
[TimeControl "180+1"]
[EndTime "10:28:07 PDT"]
[Termination "DanielRensch won by resignation"]

1. e4 c6 2. d4 d5 3. exd5 cxd5 4.
c4 Nf6 5. Nc3 e6 6. Nf3 Be7 7.
c5 Nc6 8. Bb5 O-O 9. Bxc6 bxc6 10. O-O Nd7 11. b4 Qc7 12. Re1 Bf6 13. b5 Nxc5 14. Ba3 Qa5 15. Bxc5 Qxc3 16. Bxf8 Kxf8 17. Rc1 Qa5 18. bxc6 Ba6 19. Ne5 Kg8 20. Qb3 Rc8 21. h3 h5 22. Qc3 Qa4 23. Qc5 Bb5 24. c7 Be8 25. Rb1 Qa6 26. Rb8 h4 27. Reb1 Bxe5 28.
dxe5 Bd7 29. Qd6 Qa4 1-0

[Event "*** Titled Tuesday Blitz"]
[Site "Chess.com"]
[Date "2020.04.21"]
[Round "3"]
[White "AnastasiaProtopopova"]
[Black "SimonKnightRivendell"]
[Result "1-0"]
[WhiteElo "2301"]
[BlackElo "1906"]
[TimeControl "180+1"]
[EndTime "10:28:08 PDT"]
[Termination "AnastasiaProtopopova won by resignation"]

1. d4 d5 2. c4 e5 3. dxe5 d4 4. Nf3 Nc6 5. Nbd2 Nge7 6. g3 Ng6 7.
Bg2 Ngxe5 8. O-O Be7 9. b3 Bf6 10. Bb2 d3 11. exd3 Nxf3+ 12. Nxf3 Bxb2 13. Qe2+ Qe7 14.
Qxb2 O-O 15. d4 Bg4 16. d5 Nb4 17. Qc3 a5 18. Rfe1 Qd6 19. Ne5 Bf5 20. a3 Nc2 21. g4 Nxe1 22. Rxe1 Bg6 23. f4 f6 24. c5 Qd8 25. Nxg6 hxg6 26. d6 c6 27. Qc4+ Rf7 28. Re7 Qf8 29. Rxb7 Re8 30. Bxc6 Re1+ 31. Kf2 Rd1 32. Bd5 1-0

[Event "*** Titled Tuesday Blitz"]
[Site "Chess.com"]
[Date "2020.04.21"]
[Round "3"]
[White "BillieKimbah"]
[Black "Pavlov_Sergey"]
[Result "1-0"]
[WhiteElo "2808"]
[BlackElo "2621"]
[TimeControl "180+1"]
[EndTime "10:28:09 PDT"]
[Termination "BillieKimbah won on time"]

1. d4 Nf6 2. c4 e6 3. g3 d5 4. Bg2 dxc4 5. Nf3 Bb4+ 6. Bd2 a5 7.
O-O O-O 8. e3 Nc6 9. a3 Bd6 10.
Bc3 Rb8 11. Nfd2 e5 12. dxe5 Nxe5 13. Bxe5 Bxe5 14. Nxc4 Qe7 15. Qc2 b6 16. Nbd2 Ba6 17. Rfd1 Rfd8 18. Nxe5 Qxe5 19. Nf3 Qc5 20. Qxc5 bxc5 21.
Rxd8+ Rxd8 22. Rc1 h6 23. h3 Rb8 24. Rxc5 Rxb2 25.
Ne5 Bb7 26. Rxc7 Bxg2 27. Kxg2 Ne4 28. Rxf7 Ra2 29. Rf4 Nc3 30. h4 Rxa3 31. h5 Ra2 32. Ng6 1-0

[Event "*** Titled Tuesday Blitz"]
[Site "Chess.com"]
[Date "2020.04.21"]
[Round "3"]
[White "Nellichka"]
[Black "ljuks68"]
[Result "0-1"]
[WhiteElo "2094"]
[BlackElo "2341"]
[TimeControl "180+1"]
[EndTime "10:28:09 PDT"]
[Termination "ljuks68 won by resignation"]

1. d4 d5 2. c4 c6 3. cxd5 cxd5 4. Nc3 Nf6 5. Bf4 Nc6 6. e3 Bf5 7. Qb3 Na5 8. Qa4+ Bd7 9. Bb5 e6 10. Nf3 a6 11. Bxd7+ Nxd7 12. Rc1 b5 13. Nxb5 axb5 14. Qxb5 Nc4 15. O-O Qb6 16. a4 Qxb5 17. axb5 Bd6 18.
Rxc4 Bxf4 19. Rc6 Bh6 20. b6 Ke7 21. b7 Rab8 22. Rc7 f6 23. Rfc1 Rhd8 24. Nd2 g5 25.
Nb3 Bf8 26. Na5 Ke8 27. Nc6 Bd6 28. Nxb8 Bxc7 29. Nxd7 Kxd7 30. b4 Rb8 31. b5 Rxb7 32. Rb1 Bd6 0-1

[Event "*** Titled Tuesday Blitz"]
[Site "Chess.com"]
[Date "2020.04.21"]
[Round "3"]
[White "plumalka"]
[Black "kleinebeer98"]
[Result "1-0"]
[WhiteElo "2432"]
[BlackElo "2703"]
[TimeControl "180+1"]
[EndTime "10:28:10 PDT"]
[Termination "plumalka won on time"]

1. e4 c5 2. Nf3 e6 3. d4 cxd4 4. Nxd4 Nc6 5. Nc3 Qc7 6. Nb3 a6 7. Bd3 b5 8. O-O Bb7 9. f4 h5 10. Qf3 Nf6 11. Bd2 Ng4 12. Rae1 Be7 13. Kh1 g5 14. Nd5 exd5 15. exd5 Nce5 16. fxe5 Nxe5 17. Qf5 f6 18. Bxg5 O-O-O 19. Rxe5 fxe5 20. Bxe7 Rde8 21. d6 Qc6 22. Rg1 Reg8 23. Qh3 h4 24. Na5 Qd5 25.
Nxb7 Qxb7 26. Qe3 h3 27. Be4 hxg2+ 28. Rxg2 Rxg2 29. Bxb7+ Kb8 30. Kxg2 1-0